 Dungeon Crawl Stone Soup version 0.30.2 (webtiles) character file.

Game seed: 7851459334109392395

41 porpoise the Thaumaturge (level 3, -3/28 HPs)
             Began as a Gnoll Wanderer on Apr 6, 2024.
             Slain by Natasha (6 damage)
             ... on level 2 of the Dungeon.
             The game lasted 00:05:12 (1543 turns).

porpoise the Thaumaturge (Gnoll Wanderer)           Turns: 1543, Time: 00:05:12

Health: -3/28      AC:  5    Str: 12    XL:     3   Next: 52%
Magic:  13/13      EV: 11    Int: 12    God:
Gold:   81         SH:  0    Dex: 11    Spells: 18/20 levels left

rFire   . . .        a - +0 spear
rCold   . . .        (no shield)
rNeg    . . .        c - +0 ring mail
rPois   .            (no helmet)
rElec   .            (no cloak)
rCorr   .            (no gloves)
SInv    .            (no boots)
Will    .....        (no amulet)
Stlth   +            (no ring)
HPRegen 0.24/turn    (no ring)
MPRegen 0.13/turn

%: no passive effects
@: slowed, very slow
A: fangs 1, strong nose, distributed training
a: no special abilities


You were on level 2 of the Dungeon.
You visited 1 branch of the dungeon, and saw 2 of its levels.

You collected 81 gold pieces.

Inventory:

Hand Weapons
 a - a +0 spear (weapon)
Missiles
 g - 6 javelins (quivered)
Armour
 c - a +0 ring mail (worn)
Scrolls
 e - a scroll of teleportation {unknown}
 i - a scroll of fog {unknown}
Potions
 b - a potion of haste
 d - 2 potions of flight {unknown}
 f - 3 potions of attraction {unknown}
 h - a potion of degeneration {unknown}


   Skills:
 + Level 2.6 Fighting
 + Level 0.9 Short Blades
 + Level 0.9 Long Blades
 + Level 0.9 Axes
 + Level 0.9 Maces & Flails
 + Level 0.9 Polearms
 + Level 0.9 Staves
 + Level 0.9 Ranged Weapons
 + Level 0.9 Throwing
 + Level 2.6 Armour
 + Level 2.6 Dodging
 + Level 0.9 Stealth
 + Level 0.9 Shields
 + Level 0.9 Unarmed Combat
 + Level 9.3 Spellcasting
 + Level 0.6 Conjurations
 + Level 0.6 Hexes
 + Level 0.6 Summonings
 + Level 0.6 Necromancy
 + Level 0.6 Translocations
 + Level 5.4 Transmutations
 + Level 0.6 Fire Magic
 + Level 0.6 Ice Magic
 + Level 0.6 Air Magic
 + Level 0.6 Earth Magic
 + Level 0.6 Poison Magic
 + Level 1.0 Invocations
 + Level 0.9 Evocations


You had 18 spell levels left.
You knew the following spells:

 Your Spells              Type           Power      Damage    Failure   Level
w - Wereblood             Tmut           18%        N/A       4%          2

Your spell library contained the following spells:

 Spells                   Type           Power      Damage    Failure   Level
 Sting                    Tmut/Pois      48%        1d5       9%          1
 Summon Small Mammal      Summ           28%        N/A       22%         1
 Cigotuvi's Dreadful Rot  Necr/Pois/Air  14%        N/A       32%         2
 Ignite Poison            Fire/Tmut/Pois 10%        N/A       34%         3
 Summon Guardian Golem    Hex/Summ       7%         N/A       54%         3
 Dispel Undead            Necr           7%         3d8       91%         4
 Death Channel            Necr           3%         N/A       100%        6


Dungeon Overview and Level Annotations

Branches:
Dungeon (2/15)

Altars:

Annotations:
D:2 Natasha


Innate Abilities, Weirdness & Mutations

You have very sharp teeth.
Your uncanny sense of smell can sniff out nearby items.
Your experience applies equally to all skills.


Message History

You hit Natasha but do no damage. You bite Natasha, but do no damage.
Natasha is moderately wounded.
Natasha closely misses you.
The cerulean imp hits you but does no damage.
Natasha claws you.
You hit Natasha. Your bite misses Natasha.
Natasha is heavily wounded.
The cerulean imp hits you from afar with a +2 spear.
The cerulean imp closely misses you. Natasha claws you!
* * * LOW HITPOINT WARNING * * *
The cerulean imp hits you but does no damage. x2
You closely miss Natasha. You bite Natasha, but do no damage.
Natasha is heavily wounded.
Natasha misses you.
The cerulean imp hits you but does no damage.
The cerulean imp misses you. Natasha misses you.
The cerulean imp closely misses you.
You hit Natasha.
Natasha is severely wounded.
The cerulean imp closely misses you.
Natasha howls an incantation.
Natasha's front paws start to glow.
Natasha claws you but does no damage.
The cerulean imp hits you from afar with a +2 spear.
* * * LOW HITPOINT WARNING * * *
The cerulean imp misses you.
You hit Natasha but do no damage.
Natasha is severely wounded.
Natasha closely misses you. The cerulean imp closely misses you.
The cerulean imp hits you from afar with a +0 spear.
* * * LOW HITPOINT WARNING * * *
Natasha barely misses you.
The cerulean imp hits you from afar with a +2 spear.
* * * LOW HITPOINT WARNING * * *
You hit Natasha but do no damage.
Natasha is severely wounded.
The cerulean imp hits you but does no damage.
Natasha closely misses you. The cerulean imp barely misses you. x2
Natasha claws you.
You die...

....## #.
..h...# ..
##....# #.
.#.#.# ##
#.... #..#
###.#####5.#
..>.(.)@h5.#
###.....##.#
#####.##.####
#.##....#
#.#####.# #.#
#.# #.# #.#
### #.#####.#
#..
##.......#
###.#


You could see Natasha and 2 cerulean imps.

Vanquished Creatures
  An adder (D:2)
  2 dart slugs (D:2)
  2 endoplasms
  4 giant cockroaches (D:1)
  4 goblins
  3 hobgoblins (D:1)
  2 quokkas (D:1)
  2 ball pythons (D:1)
  A frilled lizard (D:1)
  4 rats (D:1)
25 creatures vanquished.

Notes
Turn   | Place    | Note
-------+----------+-------------------------------------------
     0 | D:1      | Reached skill level 9 in Spellcasting
     0 | D:1      | porpoise the Gnoll Wanderer began the quest for the Orb.
     0 | D:1      | porpoise set off with the following items: a +0 club, a
                  | potion of haste, a +0 ring mail; and the following spells
                  | available to memorise: Wereblood, Sting, Summon Small
                  | Mammal, Ignite Poison, Summon Guardian Golem.
     0 | D:1      | Reached XP level 1. HP: 17/17 MP: 10/10
   329 | D:1      | Reached XP level 2. HP: 23/23 MP: 12/12
   992 | D:1      | Learned a level 2 spell: Wereblood
  1289 | D:2      | Reached XP level 3. HP: 7/28 MP: 13/13
  1398 | D:2      | Reached skill level 1 in Invocations
  1528 | D:2      | Noticed Natasha
  1543 | D:2      | Slain by Natasha

Illustrated notes

Levels and vault maps discovered:
D:1:      dpeg_chamrin_arrival_tetris, layout_basic
D:2:      layout_loops_ring, corexii_item_surrounded_by_moat, uniq_natasha

Skill      XL: |  1  2  3 |
---------------+----------+-----
Spellcasting   | |  9.3
Invocations    | 1 |  1.0
Fighting       | |  2.6
Short Blades   | |  0.9
Long Blades    | |  0.9
Axes           | |  0.9
Maces & Flails | |  0.9
Polearms       | |  0.9
Staves         | |  0.9
Ranged Weapons | |  0.9
Throwing       | |  0.9
Armour         | |  2.6
Dodging        | |  2.6
Stealth        | |  0.9
Shields        | |  0.9
Unarmed Combat | |  0.9
Conjurations   | |  0.6
Hexes          | |  0.6
Summonings     | |  0.6
Necromancy     | |  0.6
Translocations | |  0.6
Transmutations | |  5.4
Fire Magic     | |  0.6
Ice Magic      | |  0.6
Air Magic      | |  0.6
Earth Magic    | |  0.6
Poison Magic   | |  0.6
Evocations     | |  0.9

Action                     || total
---------------------------++-------
  Melee: Dagger            ||   203
         Club              ||     7
         Bite              ||    20
         Punch             ||     2
         Spear             ||    15
 Armour: Ring mail         ||    75
  Dodge: Dodged            ||   130
